 Dungeon Crawl Stone Soup version 0.25-a0-578-gc91f01c39c (webtiles) character file.

Game seed: 1994169749640167297, levelgen mode: deterministic

326 Apogee the Cudgeler (level 6, -1/39 HPs)
             Began as a Gargoyle Fighter on Mar 6, 2020.
             Slain by Grinder (3 damage)
             ... on level 4 of the Dungeon.
             The game lasted 00:04:57 (2593 turns).

Apogee the Cudgeler (Gargoyle Fighter)              Turns: 2593, Time: 00:04:58

Health: -1/39      AC: 11    Str: 22    XL:     6   Next: 49%
Magic:  6/6        EV:  9    Int:  8    God:
Gold:   253        SH:  0    Dex:  9    Spells: 5/5 levels left

rFire    . . .     SeeInvis .   a - +0 flail
rCold    . . .     Gourm    .   (no shield)
rNeg     + . .     Faith    .   t - +0 scale mail
rPois    ∞         Spirit   .   (no helmet)
rElec    +         Reflect  .   (no cloak)
rCorr    .         Harm     .   (no gloves)
MR       .....                  (no boots)
Stlth    ..........             (no amulet)
HPRegen  0.13/turn              (no ring)
MPRegen  0.10/turn              (no ring)

@: mighty
A: negative energy resistance 1, electricity resistance, unbreathing,
petrification resistance, rot immunity, AC +4
a: no special abilities


You were on level 4 of the Dungeon.
You were not hungry.

You visited 1 branch of the dungeon, and saw 4 of its levels.

You collected 253 gold pieces.

Inventory:

Hand Weapons
 a - a +0 flail (weapon)
 b - a +0 hunting sling
 k - a +1 hand axe of venom
 l - a +0 mace
Missiles
 u - 153 stones (quivered)
Armour
 c - a +0 kite shield
 t - a +0 scale mail (worn)
Jewellery
 j - an uncursed ring of protection from cold {unknown}
 v - an uncursed ring of resist corrosion {unknown}
Scrolls
 e - a scroll of fear {unknown}
 i - 5 scrolls of identify {unknown}
 m - 2 scrolls of blinking {unknown}
 o - 5 scrolls of remove curse {unknown}
 p - a scroll of enchant armour {unknown}
 r - 2 scrolls of immolation {unknown}
 y - a scroll of fog {unknown}
Potions
 d - a potion of might
 g - a potion of berserk rage {unknown}
 h - a potion of cancellation {unknown}
 n - a potion of flight {unknown}
 q - 2 potions of curing
 s - a potion of haste {unknown}
 w - a potion of heal wounds {unknown}
 x - a potion of degeneration {unknown}
 z - a potion of brilliance {unknown}
Comestibles
 f - 5 rations


   Skills:
 + Level 4.6 Fighting
 + Level 5.8 Maces & Flails
 - Level 3.4 Armour
 - Level 3.4 Shields


You had 5 spell levels left.
You didn't know any spells.
Your spell library was empty.

Dungeon Overview and Level Annotations

Branches:
Dungeon (4/15)
 Temple: D:4-7

Altars:
Ashenzari
Nemelex Xobeh
Wu Jian
Yredelemnul
The Shining One

Annotations:
D:2 1 runed translucent door, Crazy Yiuf
D:4 Grinder


Innate Abilities, Weirdness & Mutations

You are resistant to torment.
Your stone body is resilient. (AC +4)
You are immune to poison.
You resist negative energy. (rN+)
You are resistant to electric shocks. (rElec)
You can survive without breathing.
You are immune to petrification.
You are immune to rotting.


Message History

You feel stronger.
You miss something. Pain shoots through your body!
You miss something. Something hits you but does no damage.
You miss something. Something hits you but does no damage.
You closely miss something. Something hits you but does no damage.
You closely miss something. Something hits you!
You writhe in agony.
* * * LOW HITPOINT WARNING * * *
Pain shoots through your body!
* * * LOW HITPOINT WARNING * * *
It was a potion of curing.
You feel better. Something hits you but does no damage.
You feel very mighty all of a sudden. Something hits you.
* * * LOW HITPOINT WARNING * * *
You writhe in agony.
* * * LOW HITPOINT WARNING * * *
You closely miss something. Something hits you.
* * * LOW HITPOINT WARNING * * *
You closely miss something. Something hits you.
You die...

##### ######## ##...#
#......# .....# #......#
P.P..###......#######
._.....'......'{@...#
P.P..###......#####'######
....## ########..........#
##### #..........#
#........._# #..........#
########## #####'######
.........# #..# .........#
##.##


There were no monsters in sight!

Vanquished Creatures
  Menkaure (D:4)
  An iguana (D:4)
  Natasha (twice) (D:2)
  A worker ant (D:4)
  4 adders
  An ooze (D:1)
  A worm (D:2)
  A dart slug (D:1)
  4 leopard geckos
  4 orcs
  5 giant cockroaches
  7 goblins
  7 hobgoblins
  3 jackals (D:3)
  2 quokkas
  3 bats
  2 frilled lizards
  4 kobolds
  6 rats
59 creatures vanquished.

Notes
Turn   | Place    | Note
-------+----------+-------------------------------------------
     0 | D:1      | Apogee the Gargoyle Fighter began the quest for the Orb.
     0 | D:1      | Reached XP level 1. HP: 14/14 MP: 1/1
   109 | D:1      | Reached XP level 2. HP: 11/19 MP: 2/2
   455 | D:1      | Reached skill level 3 in Maces & Flails
   455 | D:1      | Reached XP level 3. HP: 23/23 MP: 3/3
   672 | D:2      | Found a faded altar of an unknown god.
   828 | D:2      | Noticed Natasha
   836 | D:2      | Killed Natasha
   836 | D:2      | Reached skill level 4 in Maces & Flails
   836 | D:2      | Reached XP level 4. HP: 21/28 MP: 4/4
  1177 | D:2      | Found a runed translucent door.
  1178 | D:2      | Noticed Crazy Yiuf
  1344 | D:2      | Noticed Natasha
  1353 | D:2      | Killed Natasha
  1353 | D:2      | Reached XP level 5. HP: 32/32 MP: 5/5
  1723 | D:3      | Found a sparkling altar of Nemelex Xobeh.
  1779 | D:3      | Reached skill level 5 in Maces & Flails
  1873 | D:3      | Found an ornate altar of the Wu Jian Council.
  2304 | D:4      | Found a shattered altar of Ashenzari.
  2489 | D:4      | Found a glowing golden altar of the Shining One.
  2526 | D:4      | Found a basalt altar of Yredelemnul.
  2545 | D:4      | Noticed Menkaure
  2545 | D:4      | Noticed Grinder
  2584 | D:4      | Killed Menkaure
  2584 | D:4      | Reached XP level 6. HP: 21/39 MP: 6/6
  2592 | D:4      | HP: 1/39 [something (5)]
  2593 | D:4      | Slain by Grinder

Levels and vault maps discovered:
D:1:      doesnt_arrival_eight_statues, layout_loops_ring, st_stairs_6
D:2:      layout_loops_ring, chequers_ecumenical_altar_simple_redux,
          uniq_natasha, uniq_crazy_yiuf_cottage
D:3:      layout_loops_ring, lemuel_crystal_altar,
          nemelex_xobeh_ov_fountains_minmay
D:4:      layout_basic, overflow_temple_1_default, evilmike_ruin_ashenzari,
          yredelemnul_altar_generic, hangedman_decor_lopped, uniq_menkaure,
          uniq_grinder, uniq_duvessa, uniq_ijyb

Skill      XL: |  1  2  3  4  5 |
---------------+----------------+-----
Maces & Flails | 3 4 5 |  5.8
Fighting       | 4 |  4.6
Armour         | |  3.4
Shields        | |  3.4

Action                   |  1- 3 |  4- 6 || total
-------------------------+-------+-------++-------
Melee: Flail             |   110 |   142 ||   252
  Use: Potion            |       |     2 ||     2
  Eat: Chunk             |       |     6 ||     6
Armor: Scale mail        |    47 |    91 ||   138
Dodge: Dodged            |    30 |    68 ||    98
Block: Kite shield       |    36 |       ||    36

Table legend:
 A = Non-vault XP
 B = Vault XP
 C = Vault XP percentage of total XP
 D = Non-vault monster count
 E = Vault monster count
 F = Vault count percentage of total count
                 A         B        C        D         E       F
            +---------+---------+-------+---------+---------+-------
      Total |     261 |     206 |  44.1 |      56 |       3 |   5.1
            +---------+---------+-------+---------+---------+-------
        D:1 |      36 |       2 |   5.3 |      16 |       1 |   5.9
        D:2 |     102 |      35 |  25.5 |      19 |       1 |   5.0
        D:3 |      35 |       0 |   0.0 |      12 |       0 |   0.0
        D:4 |      88 |     169 |  65.8 |       9 |       1 |  10.0
            +---------+---------+-------+---------+---------+-------
